[Event "30e Open International de Saint Affrique"]
[Site "Saint Affrique, France"]
[Date "2024.07.20"]
[Round "1.1"]
[White "Lavilledieu, Pierre-Loup"]
[Black "Degraeve, Jean-Marc"]
[Result "0-1"]
[TimeControl "1h30/40 + 30min + sec/mv"]
[BlackTitle "GM"]
[WhiteElo "1774"]
[BlackElo "2480"]

1. d4 d6 2. c4 e5 3. d5 f5 4. Nc3 Nf6 5. Bg5 Be7 6. Nf3 e4 7. Nd4 Nxd5 8. Bxe7 Nxe7 9. e3 O-O 10.
Be2 a6 11. O-O c5 12. Nc2 Nbc6 13. f3 exf3 14. Bxf3 Ne5 15. b3 Rb8 16. e4 f4 17. Qe2 g5 18. h3 N7g6 19. Ne1 b5 20. cxb5 axb5 21. Qc2 Ne7 22.
Be2 b4 23. Nd5 Nxd5 24. exd5 Bf5 25. Qd2 Qf6 26. Nd3 Nxd3 27. Bxd3 Qd4+ 0-1

[Event "30e Open International de Saint Affrique"]
[Site "Saint Affrique, France"]
[Date "2024.07.20"]
[Round "1.2"]
[White "Travadon, Loic"]
[Black "Marino, Thierry"]
[Result "1-0"]
[TimeControl "1h30/40 + 30min + sec/mv"]
[WhiteTitle "IM"]
[WhiteElo "2458"]
[BlackElo "1773"]

1. d4 d5 2. Bf4 c5 3. Nc3 e6 4. e4 Nf6 5. exd5 exd5 6. Nb5 Na6 7. Nf3 c4 8. c3 Be7 9. Be2 Qb6 10.
a4 Bd7 11. O-O O-O 12. b3 Nh5 13. Be3 cxb3 14. Ne5 Nf6 15. Nxd7 Nxd7 16. Qxb3 Nc7 17. a5 Qc6 18. Nxc7 Qxc7 19.
Qxd5 Nf6 20. Qb3 Bd6 21. h3 Rab8 22. c4 Qd8 23. Bf3 Bc7 24. Qa3 Ne8 25. Rfb1 Nd6 26. Qd3 Qf6 27. c5 Nf5 28.
Rxb7 Rxb7 29. Bxb7 1-0

[Event "30e Open International de Saint Affrique"]
[Site "Saint Affrique, France"]
[Date "2024.07.20"]
[Round "1.3"]
[White "Walter, Alain"]
[Black "Flear, Glenn"]
[Result "0-1"]
[TimeControl "1h30/40 + 30min + sec/mv"]
[BlackTitle "GM"]
[WhiteElo "1772"]
[BlackElo "2390"]

1. e4 e5 2. Nf3 Nc6 3. Bb5 a6 4. Ba4 Nf6 5. O-O b5 6. Bb3 Bc5 7. c3 d6 8. d4 Bb6 9. dxe5 Nxe5 10.
Nxe5 dxe5 11. Qxd8+ Kxd8 12. Bxf7 Rf8 13. Bd5 Nxd5 14. exd5 Bb7 15. c4 bxc4 16. Nc3 Kd7 17. Be3 Bxe3 18.
fxe3 Ke7 19. e4 Rad8 20. Rxf8 Rxf8 21. Rc1 c6 22. dxc6 Bxc6 23. Re1 Kd6 24. Rf1 Rxf1+ 25. Kxf1 Kc5 26.
Kf2 Kd4 27. Kf3 a5 28. h4 Kd3 0-1

[Event "30e Open International de Saint Affrique"]
[Site "Saint Affrique, France"]
[Date "2024.07.20"]
[Round "1.4"]
[White "Ouakhir, Mehdi"]
[Black "Adami, Pierre-Louis"]
[Result "1-0"]
[TimeControl "1h30/40 + 30min + sec/mv"]
[WhiteTitle "FM"]
[WhiteElo "2210"]
[BlackElo "1771"]

1. d4 d5 2. c4 e6 3. Nc3 Nf6 4. cxd5 exd5 5. Bg5 c6 6. Qc2 h6 7. Bxf6 Qxf6 8. e3 Bf5 9. Bd3 Bxd3 10.
Qxd3 Nd7 11. Nf3 Bd6 12. O-O O-O 13. Rab1 a5 14. Qc2 Rfe8 15. a3 Nb6 16. Nd2 Rac8 17. Na4 Nxa4 18. Qxa4 Ra8 19.
Rfc1 Rec8 20. Nf3 Qe7 21. Ne1 h5 22. Qd1 g6 23. b4 axb4 24. axb4 Bxb4 25. Nd3 Bd6 26. Rb6 Bxh2+ 27. Kf1 Bd6 28. Rcb1 Rab8 29. Qa4 Ra8 30. Qd1 Rcb8 31.
g4 h4 32. Qf3 Ra6 33. R6b3 b5 34. Re1 Re8 35. Rc1 Kg7 36. Rbc3 Ra3 37. Rxa3 Bxa3 38. Rxc6 Qe4 39. Qxe4 dxe4 40.
Ne5 b4 41. Rc7 Rf8 42. Rb7 g5 43. Kg2 Kg8 44. Nd7 Rc8 45. Nf6+ Kg7 46. Nxe4 Kg6 47. Rb6+ Kg7 48. Nxg5 Rc3 49.
Ne4 Rd3 50. Nc5 Rc3 51. Kh3 Rc2 52. f4 Rc3 53. g5 Rxe3+ 54. Kxh4 Re1 55. Kg4 Rd1 56. Rb7 Kg8 57. Ne4 Rxd4 58.
Rb8+ Kg7 59. Nf6 1-0

[Event "30e Open International de Saint Affrique"]
[Site "Saint Affrique, France"]
[Date "2024.07.20"]
[Round "1.5"]
[White "Tabutin, Lucas"]
[Black "Buscara, Sevan"]
[Result "0-1"]
[TimeControl "1h30/40 + 30min + sec/mv"]
[BlackTitle "IM"]
[WhiteElo "1771"]
[BlackElo "2187"]

1. e4 c5 2. Nf3 Nc6 3. c3 d5 4. exd5 Qxd5 5. Na3 Bg4 6.
Be2 Nf6 7. Nc2 e6 8. Ne3 Qd6 9. Nxg4 Nxg4 10. d4 O-O-O 11. h3 Nh6 12. O-O Nf5 13. dxc5 Qxc5 14. Qa4 Bd6 15. Nd4 Nfxd4 16. cxd4 Qxd4 17. Qb3 Qe5 18. g3 Qxe2 19. Be3 Bc7 20. Rac1 Rd3 21. Qa4 Rxe3 22. Rxc6 bxc6 23. Qxa7 Bxg3 24. Qa8+ Kd7 25. Qa7+ Bc7 26.
Qd4+ Ke7 27. Rd1 Rg3+ 0-1

[ePGN "0.1;DGT LiveChess/2.2.6"]

[Event "30e Open International de Saint Affrique"]
[Site "Saint Affrique, France"]
[Date "2024.07.21"]
[Round "2.2"]
[White "Boucher, Camille"]
[Black "Travadon, Loic"]
[Result "0-1"]
[TimeControl "1h30/40 + 30min + sec/mv"]
[BlackTitle "IM"]
[WhiteElo "1920"]
[BlackElo "2458"]

1. d4 Nf6 2. c4 c5 3. d5 g6 4.
Nc3 Bg7 5. e4 d6 6. Nf3 O-O 7. Be2 e6 8. O-O exd5 9. cxd5 Re8 10. Qc2 a6 11. a4 Qe7 12. Nd2 Nbd7 13. f4 Rb8 14.
Bd3 Ng4 15. Nf3 Bd4+ 16. Kh1 Ndf6 17. h3 Ne3 18. Bxe3 Bxe3 19. Nd2 Nh5 20. Rf3 Bxf4 21. Ne2 Be5 22. Raf1 Rf8 23. Nc4 Bd7 24. Nb6 Be8 25. g4 Nf6 26. Nf4 Nd7 27. a5 Nxb6 28. axb6 Bd7 29.
Ng2 Bb5 30. Ne3 Bd4 31. Nc4 Rbe8 32. b3 Qd8 33. Rb1 Bxc4 34. bxc4 Re5 35. Qg2 Kg7 36. Qg3 h5 37. gxh5 Rxh5 38.
Bf1 Be5 39. Qf2 Qh4 40. Bg2 Qxf2 41. Rxf2 Rh4 42. Rbf1 Rh5 43. Kg1 Bd4 44. Kh1 Bxf2 45. Rxf2 Re8 46. Kg1 Rg5 47. Kf1 Rxg2 48.
Kxg2 Rxe4 0-1

[Event "30e Open International de Saint Affrique"]
[Site "Saint Affrique, France"]
[Date "2024.07.21"]
[Round "2.3"]
[White "Flear, Glenn"]
[Black "Mania, Clement"]
[Result "1-0"]
[TimeControl "1h30/40 + 30min + sec/mv"]
[WhiteTitle "GM"]
[WhiteElo "2390"]
[BlackElo "1911"]

1. d4 d6 2. c4 f5 3. Nc3 Nf6 4. Bg5 e6 5. Qc2 Nc6 6. Nf3 h6 7. Bxf6 Qxf6 8. d5 Nd4 9. Nxd4 Qxd4 10.
e3 Qe5 11. Nb5 Kd8 12. O-O-O Bd7 13. Nd4 exd5 14. cxd5 Be7 15. Bb5 g6 16. Bxd7 Kxd7 17. Qb3 Bf6 18. Qxb7 Rhb8 19. Qc6+ Ke7 20.
Qxa8 Rxa8 21. Nc6+ Kd7 22. Nxe5+ dxe5 23. e4 Rb8 24. f3 Bg5+ 25. Kc2 Be3 26. Rd3 Bb6 27. Re1 f4 28. Re2 g5 29. Kd1 h5 30. Rc2 g4 31. b3 Rg8 32. Ke2 h4 33. fxg4 Rxg4 34.
Kf3 Rg8 35. Rdc3 h3 36. gxh3 Rg1 37. h4 Rg7 38. Rg2 Rh7 39. Rg4 Ke7 40. Rc6 Kf7 41. b4 Kf8 42. Rf6+ 1-0

[Event "30e Open International de Saint Affrique"]
[Site "Saint Affrique, France"]
[Date "2024.07.21"]
[Round "2.4"]
[White "Long, Raphael"]
[Black "Ouakhir, Mehdi"]
[Result "0-1"]
[TimeControl "1h30/40 + 30min + sec/mv"]
[BlackTitle "FM"]
[WhiteElo "1911"]
[BlackElo "2210"]

1. Nf3 d5 2. h4 Nf6 3. d4 Bf5 4. Nc3 e6 5. Ne5 Nbd7 6. Bg5 h6 7. Bxf6 Nxf6 8. e4 Bxe4 9. f3 Bh7 10.
Bb5+ c6 11. Nxc6 bxc6 12. Bxc6+ Nd7 13. Bxa8 Qxa8 14. Qd2 Nb6 15. b3 Qc6 16. a3 Be7 17. Rc1 Bxa3 0-1

[Event "30e Open International de Saint Affrique"]
[Site "Saint Affrique, France"]
[Date "2024.07.21"]
[Round "2.5"]
[White "Buscara, Sevan"]
[Black "Perrin, Alexis"]
[Result "1-0"]
[TimeControl "1h30/40 + 30min + sec/mv"]
[WhiteTitle "IM"]
[WhiteElo "2187"]
[BlackElo "1909"]

1. d4 Nf6 2. c4 g6 3. Nc3 Bg7 4. e4 d6 5. Bd3 O-O 6. Nge2 e5 7. d5 Na6 8. O-O c6 9. a3 Bd7 10.
b4 Nc7 11. a4 a5 12. bxa5 Rxa5 13. Bd2 Ra8 14. Qb1 Na6 15. Qxb7 Nc5 16. Qb1 cxd5 17. cxd5 Bxa4 18. Nxa4 Rxa4 19.
Rxa4 Nxa4 20. Bb5 Nc5 21. Nc3 Nfd7 22. Be3 f5 23. f3 fxe4 24. Bxd7 Qxd7 25. Bxc5 dxc5 26. Nxe4 Qxd5 27. Rd1 Qc6 28.
Rc1 Bh6 29. Qb3+ Kh8 30. Rxc5 Qa6 31. Rd5 Qa7+ 32. Kh1 Rb8 33. Qd1 Qc7 34. g3 Rf8 35. Rd7 Qc1 36. Qxc1 Bxc1 37. Kg2 h6 38.
Re7 Bb2 39. Nc5 Kg8 40. Nd3 Rf7 1-0

[ePGN "0.1;DGT LiveChess/2.2.6"]

[Event "30e Open International de Saint Affrique"]
[Site "Saint Affrique, France"]
[Date "2024.07.22"]
[Round "3.1"]
[White "Maccagnan, Tomas"]
[Black "Degraeve, Jean-Marc"]
[Result "1/2-1/2"]
[TimeControl "1h30/40 + 30min + sec/mv"]
[BlackTitle "GM"]
[WhiteElo "2020"]
[BlackElo "2480"]

1. e4 c5 2. Nf3 Nc6 3. d4 cxd4 4. Nxd4 e5 5. Nb5 d6 6. g3 Be7 7. Bg2 Be6 8. N5c3 Bg5 9. Bxg5 Qxg5 10.
Nd5 Qd8 11. Nbc3 Nge7 12. O-O O-O 13. Nb5 Bxd5 14. exd5 Nb8 15. c4 Qb6 16. a4 a6 17. a5 Qc5 18. b4 Qxb4 19. Rb1 Qc5 20. Nc3 Nd7 21. Rxb7 Qc8 22. Qb1 Rb8 23. Rxb8 Qxb8 24. Ne4 f5 25. Qxb8 Rxb8 26. Nxd6 g6 27.
g4 Kg7 28. gxf5 gxf5 29. Bh3 Kg6 30. Ne4 Rb4 31. d6 Nc6 32. Ng3 Nd4 33. Rd1 Rxc4 34. Rxd4 exd4 35. Bxf5+ Kf6 36. Bxd7 d3 37.
Nf1 Rd4 38. Nd2 Kg7 39. Be6 Rxd6 40. Bc4 Rc6 41. Kf1 Rc5 42. Bxa6 Rc1+ 43. Kg2 Rd1 44. Nf3 d2 45. Nxd2 Rxd2 46.
Bb7 Ra2 47. a6 Kf6 1/2-1/2

[Event "30e Open International de Saint Affrique"]
[Site "Saint Affrique, France"]
[Date "2024.07.22"]
[Round "3.2"]
[White "Castets, Philip"]
[Black "Flear, Glenn"]
[Result "0-1"]
[TimeControl "1h30/40 + 30min + sec/mv"]
[BlackTitle "GM"]
[WhiteElo "1994"]
[BlackElo "2390"]

1. d4 d5 2. c4 e6 3. Nc3 c6 4. Nf3 dxc4 5. a4 Bb4 6. e3 b5 7. Be2 Bb7 8. O-O a6 9. Qc2 Nf6 10.
Rd1 Nbd7 11. e4 h6 12. e5 Nd5 13. Ne4 O-O 14. Neg5 hxg5 15. Nxg5 g6 16. Nxe6 Qe7 17. Nxf8 Nxf8 18.
f4 Ne6 19. f5 Nxd4 20. Rxd4 Bc5 21. Qe4 gxf5 0-1

[Event "30e Open International de Saint Affrique"]
[Site "Saint Affrique, France"]
[Date "2024.07.22"]
[Round "3.3"]
[White "Bruneau, Laurent"]
[Black "Martinez, Felicien"]
[Result "0-1"]
[TimeControl "1h30/40 + 30min + sec/mv"]
[WhiteTitle "FM"]
[WhiteElo "2179"]
[BlackElo "1995"]

1. e4 d6 2. d4 Nf6 3. Nc3 g6 4. Nf3 Bg7 5. Be2 O-O 6. O-O c6 7. a4 d5 8. e5 Ne8 9. h3 f6 10.
Bf4 Nd7 11. exf6 Ndxf6 12. Bh2 Nd6 13. Bd3 Nh5 14. Re1 Nf4 15.
Bf1 Bh6 16. Ne5 Qb6 17. a5 Qxb2 18. Na4 Qb4 19. Nc5 Nb5 20. Ra4 Qc3 21. Re3 Nxh3+ 22. Rxh3 Bxh3 23. gxh3 Bf4 24. Bxf4 Rxf4 25.
Nb3 Raf8 26. Nd3 Rxf2 27. Be2 R2f6 28. Rb4 b6 29. axb6 axb6 30. Qd2 Kg7 31. Qxc3 Nxc3 32. Nbc1 Re6 33.
Bf1 c5 34. dxc5 bxc5 35. Rf4 Rxf4 36. Nxf4 Rf6 37. Ng2 c4 38. Ne2 Nxe2+ 39. Bxe2 Ra6 40. Kf2 e6 41. h4 Kf6 42. Ne3 h5 43.
Ng2 Ra3 44. Ne1 Ra2 45. Ke3 e5 46. Bf3 e4 47. Be2 Ke5 48. c3 Ra3 49. Kd2 e3+ 50. Kxe3 Rxc3+ 51. Kf2 Ra3 52. Nf3+ Kf4 53.
Nd4 Ra2 54. Ne6+ Kf5 55. Nc7 d4 56. Kf3 d3 57. Bf1 Ra1 58. Bh3+ Ke5 59. Ke3 Re1+ 60. Kd2 Re2+ 0-1

[Event "30e Open International de Saint Affrique"]
[Site "Saint Affrique, France"]
[Date "2024.07.22"]
[Round "3.4"]
[White "Sauret, Jordan"]
[Black "El Mchaouri Mas, Younes"]
[Result "1/2-1/2"]
[TimeControl "1h30/40 + 30min + sec/mv"]
[WhiteElo "1992"]
[BlackElo "2143"]

1. d4 Nf6 2. c4 e6 3. Nc3 Bb4 4. f3 d5 5. a3 Bxc3+ 6. bxc3 c5 7. cxd5 exd5 8. e3 O-O 9. Bd3 b6 10.
Ne2 Ba6 11. Ng3 Qc7 12. Qd2 Rd8 13. O-O Qb7 14. e4 Bxd3 15. Qxd3 Qa6 16. Qe3 Nc6 17. e5 Ne8 18. e6 Nd6 19. dxc5 bxc5 20. exf7+ Nxf7 21. Qxc5 Rac8 22.
Nf5 g6 23. Nh6+ Nxh6 24. Bxh6 Qa5 25. Be3 Qxc5 26. Bxc5 a6 27. Rab1 Rb8 28. Rfe1 Kf7 29. Kf2 Rdc8 30. Bd6 Rxb1 31.
Rxb1 Ke6 32. Bc5 Ne5 33. Bd4 Nc4 34. Rb7 Nxa3 35. Rb6+ Kd7 36. Rxa6 Nb5 37. Ra5 Nxc3 38. Bxc3 Rxc3 39.
Rxd5+ Ke6 40. Ra5 Rc7 41. g4 Kf6 42. h4 h6 43. h5 g5 44. Ra6+ Kg7 45. Re6 Rc3 46. Rg6+ Kh7 47. Ke2 Ra3 48.
Rd6 Rb3 49. Rd3 Rb1 50. Ke3 Re1+ 51. Kd4 Kg7 52. Re3 Rd1+ 53. Ke4 Kf6 54. Ra3 Re1+ 55. Kd3 Rd1+ 56. Ke2 Rd6 57. Ra7 Re6+ 58.
Kd3 Ke5 59. Ra5+ Kf4 60. Rf5+ Kg3 61. Kd4 Ra6 62. Ke5 Ra3 63. Kf6 Rxf3 64. Kg6 Ra3 65. Kxh6 Kxg4 66. Rf6 Rh3 67. Ra6 Rxh5+ 68. Kg6 Rh8 69.
Ra4+ Kf3 70. Kxg5 Ke4 1/2-1/2

[Event "30e Open International de Saint Affrique"]
[Site "Saint Affrique, France"]
[Date "2024.07.22"]
[Round "3.5"]
[White "Ciarletta, Ulysse"]
[Black "Genkeswaran, Genivan"]
[Result "1-0"]
[TimeControl "1h30/40 + 30min + sec/mv"]
[WhiteElo "2139"]
[BlackElo "1994"]

1. d4 d5 2. c4 c6 3. Nf3 Nf6 4. Nc3 e6 5. g3 dxc4 6. Bg2 b5 7. Ne5 a6 8. a4 Bb7 9. O-O Nd5 10.
Ne4 f6 11. Nf3 Nd7 12. h4 Bb4 13. g4 O-O 14. Ng3 Qc7 15. Qc2 Rae8 16. g5 f5 17. e3 c5 18. axb5 axb5 19. h5 f4 20.
Ne2 cxd4 21. Nfxd4 e5 22. Nf5 e4 23. Ned4 f3 24. Bh3 Qd8 25. Kh2 Nc5 26. h6 g6 27. Ng7 Qxg5 28. Rg1 Qe5+ 29.
Rg3 Re7 30. Nxb5 Nf6 31. Qxc4+ Bd5 32. Qxb4 Nd3 33. Qd2 Bc6 34. Nd4 Bd7 35. Ra5 Qb8 36. Nde6 Rc8 37. Ra1 Bxe6 38. Bxe6+ Rxe6 39.
Nxe6 Ng4+ 40. Kg1 Ngxf2 41. Nf4 Qc7 42. b4 Nxf4 43. exf4 Nd3 44. Qa2+ Kf8 45. Be3 Qc3 46. b5 Qf6 47.
Qa7 Qb2 48. Qg7+ Qxg7 49. hxg7+ Kxg7 50. b6 Nb4 51. Ra7+ Kf6 52. Rc7 Rd8 53. b7 Rd1+ 54. Kh2 f2 55. Bxf2 1-0

[ePGN "0.1;DGT LiveChess/2.2.6"]

[Event "30e Open International de Saint Affrique"]
[Site "Saint Affrique, France"]
[Date "2024.07.22"]
[Round "4.1"]
[White "Flear, Glenn"]
[Black "Kim, Jisu"]
[Result "1-0"]
[TimeControl "1h30/40 + 30min + sec/mv"]
[WhiteTitle "GM"]
[WhiteElo "2390"]
[BlackElo "2077"]

1. d4 d5 2. c4 dxc4 3. e3 Nf6 4. Bxc4 e6 5. Nf3 c5 6. O-O cxd4 7. exd4 Be7 8. Nc3 O-O 9. Re1 Nc6 10.
a3 b6 11. Qd3 Bb7 12. Bg5 h6 13. Bf4 Rc8 14. Rad1 Bd6 15. Bc1 Ne7 16. Ba2 Ned5 17. Ne5 Nxc3 18. bxc3 Qc7 19. c4 Rfd8 20. f4 Bf8 21. Kh1 g6 22.
Bb2 Bg7 23. Bb1 a6 24. Rc1 h5 25. Re2 b5 26. c5 Nd5 27. Rf1 Ne7 28. Qh3 Bd5 29. Rfe1 Nc6 30. Qg3 Qe7 31. Nxc6 Rxc6 32.
f5 gxf5 33. Bxf5 Qc7 34. Qxc7 Rxc7 35. Bc2 Bc4 36. Re4 Rcd7 37. Rf4 e5 38. c6 exf4 39. cxd7 Rxd7 40. Re8+ Bf8 41. Bd1 h4 42.
Bc3 f6 43. Bb4 Rxd4 44. Rxf8+ Kg7 45. Bf3 a5 46. Bc5 Rd3 47. Ra8 b4 48. axb4 axb4 49. Bxb4 Rb3 50. Bf8+ Kg6 51. h3 Be6 52.
Kh2 1-0

[Event "30e Open International de Saint Affrique"]
[Site "Saint Affrique, France"]
[Date "2024.07.22"]
[Round "4.2"]
[White "Martinez, Felicien"]
[Black "Ciarletta, Ulysse"]
[Result "0-1"]
[TimeControl "1h30/40 + 30min + sec/mv"]
[WhiteElo "1995"]
[BlackElo "2139"]

1. a3 d5 2. d4 Bf5 3. Nf3 Nf6 4. e3 Nbd7 5. c4 e6 6. Nc3 c6 7. Be2 Bd6 8. O-O h6 9. b4 O-O 10.
b5 Rc8 11. c5 Bb8 12. bxc6 Rxc6 13. Qb3 Ne4 14. Bb5 Rc8 15. Nxe4 dxe4 16. Nd2 Nf6 17. f4 g5 18. fxg5 Ng4 19.
g3 Qxg5 20. Rf4 Bxf4 21. exf4 Qh5 22. Nf1 Kh7 23. Be3 Nf6 24.
Re1 Qh3 25. Be2 b6 26. cxb6 axb6 27. Qxb6 Rc2 28. Qb1 Rfc8 29. Qb7 R8c7 30. Qb5 Bg4 31. Bf2 Bf3 32. Bxf3 exf3 33. Qd3+ Kh8 34.
Qxf3 Ng4 35. Re2 Qxf1+ 36. Kxf1 Nxh2+ 37. Kg2 Nxf3 38. Kxf3 R7c3+ 39. Re3 Rxe3+ 40. Bxe3 Rc3 41. f5 Rxa3 42. fxe6 fxe6 43. Ke4 Kg7 44.
Bf4 Ra5 45. Bd2 Rb5 46. Bf4 h5 47. Be5+ Kg6 48. Bf4 Kf6 49. Be3 Rb1 50. Bf4 Re1+ 51. Be3 Re2 52. Kf3 Rh2 53. Ke4 h4 54. gxh4 Rxh4+ 55. Bf4 Rg4 56. Ke3 Kf5 57. Bb8 Rg1 58.
Bd6 Rh1 59. Kd3 Rh3+ 60. Kc4 Ke4 61. Be5 Rh5 62. Bf6 Rd5 63. Bg7 Rd8 64. Kc5 Kd3 65. Be5 Rd5+ 66. Kc6 Rxd4 0-1

[Event "30e Open International de Saint Affrique"]
[Site "Saint Affrique, France"]
[Date "2024.07.22"]
[Round "4.3"]
[White "Siva Kumar, Nirish"]
[Black "Toulzac, Pierre-Yves"]
[Result "1/2-1/2"]
[TimeControl "1h30/40 + 30min + sec/mv"]
[BlackTitle "FM"]
[WhiteElo "1954"]
[BlackElo "2088"]

1. e4 g6 2. d4 Bg7 3. Nc3 d6 4. Be3 a6 5. Qd2 b5 6. h4 h6 7. O-O-O Bb7 8. f3 Nd7 9. Nh3 Rc8 10.
Kb1 c5 11. dxc5 Nxc5 12. Nf2 Qa5 13. Bd4 Nf6 14. Ng4 Ncd7 15. a3 h5 16. Bxf6 Nxf6 17. Nxf6+ Bxf6 18. Nd5 Qxd2 19. Nxf6+ exf6 20.
Rxd2 Ke7 21. Be2 Rc6 22. f4 Rb6 23. Bf3 f5 24. exf5 Bxf3 25. gxf3 gxf5 26. Rg1 Rc6 27.
Rg5 Ke6 28. b3 Rc3 29. Re2+ Kf6 30. Rg3 a5 31. Rd2 Ke6 32. Re2+ Kf6 33. Rd2 Ke6 34. Re2+ 1/2-1/2

[Event "30e Open International de Saint Affrique"]
[Site "Saint Affrique, France"]
[Date "2024.07.22"]
[Round "4.4"]
[White "Degraeve, Jean-Marc"]
[Black "Gibaud, Elian"]
[Result "1-0"]
[TimeControl "1h30/40 + 30min + sec/mv"]
[WhiteTitle "GM"]
[WhiteElo "2480"]
[BlackElo "2061"]

1. e4 c5 2. Nf3 e6 3. c3 Nf6 4. e5 Nd5 5. Bc4 Nb6 6. Bb3 d6 7. O-O Nc6 8. exd6 Bxd6 9. d4 O-O 10.
dxc5 Bxc5 11. Qe2 Qc7 12. Nbd2 Be7 13. Re1 a5 14. a4 Rd8 15. Qe4 Nd5 16. Nc4 Nf6 17. Qf4 Qxf4 18. Bxf4 Nd5 19.
Bg3 Bd7 20. Rad1 Be8 21. h3 Kf8 22. Nfd2 Nb8 23. Ne4 Nd7 24.
Ncd6 Nc5 25. Bxd5 exd5 26. Nxc5 Bxd6 27. Nxb7 Bxg3 28. Nxd8 Bd6 29. Nb7 Be7 30. Rxd5 Bc6 31. Rdd1 Bxa4 32.
Ra1 1-0

[Event "30e Open International de Saint Affrique"]
[Site "Saint Affrique, France"]
[Date "2024.07.22"]
[Round "4.5"]
[White "RIgaud-Retourne, Mael"]
[Black "Le Roux, Jean-Pierre"]
[Result "0-1"]
[TimeControl "1h30/40 + 30min + sec/mv"]
[BlackTitle "GM"]
[WhiteElo "2048"]
[BlackElo "2480"]

1. d4 g6 2. Bf4 Bg7 3. Nc3 a6 4. e4 d6 5. h4 h5 6. Qd2 b5 7. f3 Nd7 8. O-O-O Nb6 9. Kb1 b4 10.
Nce2 c5 11. e5 Be6 12. Nc1 c4 13. exd6 Nf6 14. Qxb4 Nfd5 15. dxe7 Qd7 16. Qd6 Nxf4 17. Qxf4 Nd5 18. Qd2 Bh6 19.
Qa5 Qb5 20. Qxb5+ axb5 21. Re1 Bd2 22. Re5 Bf4 23. Nge2 Bxe5 24. dxe5 Kxe7 25. Nd4 Ne3 26. Nxb5 Rhd8 27. Nc7 Bf5 28.
Be2 Ra5 0-1

[ePGN "0.1;DGT LiveChess/2.2.6"]

[Event "30e Open International de Saint Affrique"]
[Site "Saint Affrique, France"]
[Date "2024.07.23"]
[Round "5.1"]
[White "Ciarletta, Ulysse"]
[Black "Flear, Glenn"]
[Result "1/2-1/2"]
[TimeControl "1h30/40 + 30min + sec/mv"]
[BlackTitle "GM"]
[WhiteElo "2139"]
[BlackElo "2390"]

1. d4 d5 2. c4 e6 3. Nf3 Nf6 4. g3 c6 5. Bg2 Nbd7 6. O-O dxc4 7. a4 a5 8. Qc2 b6 9. Nbd2 Be7 10.
Nxc4 Nd5 11. e4 Nb4 12. Qc3 O-O 13. Rd1 b5 14. Nce5 Bb7 15. Nxd7 Qxd7 16. Ne5 Qc8 17. Be3 Rd8 18.
Qb3 Bd6 19. Nd3 Ba6 20. Nxb4 Bxb4 21. Rdc1 bxa4 22. Qxa4 Bb5 23. Qd1 e5 24. d5 Qd7 25. Qh5 Re8 26. Bc5 g6 27. Qg5 Rac8 28.
Bxb4 axb4 29. Rc5 Rb8 30. Rac1 cxd5 31. Rc7 Qd6 32. exd5 Bd7 33. Qe3 Rbc8 34. Qc5 Rxc7 35. Qxc7 Qxc7 36.
Rxc7 Ba4 37. Rb7 Bc2 38. Rxb4 Rd8 39. Rb5 e4 40. Rc5 Bd3 41. Bh3 Kg7 42. Bc8 Rd6 43. h4 Rb6 44. Rc7 Rxb2 45.
Be6 Kf6 46. Rxf7+ Ke5 47. h5 Be2 48. hxg6 hxg6 49. Bh3 Bf3 50. Bg2 Bxg2 51. Kxg2 Kxd5 52. Kh3 Re2 53. Kg4 e3 54. fxe3 Rxe3 55.
Rf6 g5 56. Rf8 Kd6 57. Rf5 Ke6 58. Rxg5 Kf7 59. Ra5 Re6 60.
Kf4 Rb6 61. g4 Kg7 62. Kf5 Rb7 1/2-1/2

[Event "30e Open International de Saint Affrique"]
[Site "Saint Affrique, France"]
[Date "2024.07.23"]
[Round "5.2"]
[White "Toulzac, Pierre-Yves"]
[Black "Degraeve, Jean-Marc"]
[Result "0-1"]
[TimeControl "1h30/40 + 30min + sec/mv"]
[WhiteTitle "FM"]
[BlackTitle "GM"]
[WhiteElo "2088"]
[BlackElo "2480"]

1. Nf3 Nf6 2. g3 g6 3. Bg2 Bg7 4. O-O O-O 5. d3 d6 6. e4 c5 7. Re1 Nc6 8. c3 Bg4 9. Nbd2 Qc8 10.
Nc4 b5 11. Ne3 Bxf3 12. Bxf3 Nd7 13. Nc2 Rb8 14. d4 b4 15. Be3 bxc3 16. bxc3 Qc7 17. Qd2 Rb2 18. Qc1 Rfb8 19. Nb4 cxd4 20.
Qxb2 dxe3 21. e5 Nxb4 22. cxb4 Nxe5 0-1

[Event "30e Open International de Saint Affrique"]
[Site "Saint Affrique, France"]
[Date "2024.07.23"]
[Round "5.3"]
[White "Le Roux, Jean-Pierre"]
[Black "Garde, Guillaume"]
[Result "1-0"]
[TimeControl "1h30/40 + 30min + sec/mv"]
[WhiteTitle "GM"]
[WhiteElo "2480"]
[BlackElo "2082"]

1. Nf3 d5 2. g3 g6 3. Bg2 Bg7 4. d4 Nf6 5. O-O c6 6. Nbd2 O-O 7. c3 Nbd7 8. Re1 Re8 9. e4 dxe4 10.
Nxe4 Nxe4 11. Rxe4 Nf6 12. Re1 Bf5 13. Ne5 Nd7 14. Nc4 Nb6 15. Ne3 Be6 16. Ng4 Bd5 17. Bh3 Be6 18. Rxe6 fxe6 19.
Qe2 Rf8 20. Nh6+ Kh8 21. Bxe6 Qe8 22. Bg5 Nd5 23. Re1 Nc7 24. Bb3 e6 25. h4 a5 26. a3 a4 27. Ba2 Ra5 28. Ng4 Raf5 29.
Bb1 Ra5 30. Ne5 Nd5 31. h5 gxh5 32. Qe4 Rf5 33. Nc4 Qg8 34. Nxa5 Rxg5 35. Nxb7 Nf6 36. Qxe6 Qxe6 37. Rxe6 Rb5 38.
Nc5 Rxb2 39. Bf5 Kg8 40. Rxc6 Ng4 41. Nxa4 Rd2 42. Bxg4 hxg4 43. Nc5 Ra2 44. a4 Ra3 45. Rc8+ Kf7 46.
Rc7+ Kg6 47. Nd3 Bf8 48. Nf4+ Kf6 49. Rxh7 Rxa4 50. Nd5+ Ke6 51. Ne3 Ra2 52. Rc7 Bd6 53. Rg7 Ra3 54.
Rg6+ Ke7 55. Nf5+ 1-0

[Event "30e Open International de Saint Affrique"]
[Site "Saint Affrique, France"]
[Date "2024.07.23"]
[Round "5.4"]
[White "Gerard, Nicolas"]
[Black "Travadon, Loic"]
[Result "0-1"]
[TimeControl "1h30/40 + 30min + sec/mv"]
[BlackTitle "IM"]
[WhiteElo "2074"]
[BlackElo "2458"]

1. d4 Nf6 2. c4 e6 3. Nf3 c5 4. d5 exd5 5. cxd5 g6 6. Nc3 Bg7 7. Bf4 O-O 8. e3 d6 9. Be2 Na6 10.
Nd2 Nc7 11. e4 b5 12. a4 b4 13. Nb5 Nce8 14. Nc4 Nxe4 15. Bd3 a6 16. Bxe4 axb5 17. Nd2 bxa4 18. Rxa4 Rxa4 19. Qxa4 f5 20.
Bf3 g5 0-1

[Event "30e Open International de Saint Affrique"]
[Site "Saint Affrique, France"]
[Date "2024.07.23"]
[Round "5.5"]
[White "Buscara, Sevan"]
[Black "Canonge, Lionel"]
[Result "1-0"]
[TimeControl "1h30/40 + 30min + sec/mv"]
[WhiteTitle "IM"]
[WhiteElo "2187"]
[BlackElo "1972"]

1. Nf3 Nf6 2. c4 d6 3. Nc3 g6 4. d4 Bg7 5. g3 O-O 6. Bg2 Nbd7 7. O-O c6 8. b3 e5 9. Qc2 Qe7 10.
e3 Rd8 11. Ba3 Ne8 12. Rad1 f5 13. e4 Qf6 14. dxe5 Nxe5 15. Nxe5 Qxe5 16. Bb2 f4 17. gxf4 Qxf4 18. Ne2 Qg5 19.
f4 Qh4 20. f5 Nf6 21. Rf4 Qh5 22. Bf3 Qg5+ 23. Kh1 gxf5 24. exf5 Rd7 25. Rg1 Qh6 26. Qd1 Re7 27. Qxd6 1-0

[ePGN "0.1;DGT LiveChess/2.2.6"]

[Event "30e Open International de Saint Affrique"]
[Site "Saint Affrique, France"]
[Date "2024.07.24"]
[Round "6.1"]
[White "Degraeve, Jean-Marc"]
[Black "Ciarletta, Ulysse"]
[Result "1-0"]
[TimeControl "1h30/40 + 30min + sec/mv"]
[WhiteTitle "GM"]
[WhiteElo "2480"]
[BlackElo "2139"]

1. e4 c5 2. Nf3 Nc6 3. Bb5 e6 4. O-O Nge7 5. Re1 Nd4 6. Nxd4 cxd4 7. c3 Nc6 8. Bxc6 dxc6 9. cxd4 Qxd4 10.
e5 b6 11. Nc3 Be7 12. Re4 Qd7 13. d4 Bb7 14. Rg4 g6 15. Bg5 h5 16. Bxe7 Qxe7 17. Rf4 g5 18. Rf3 g4 19. Rf4 O-O-O 20. Ne4 Kb8 21. a3 Qd7 22. Nf6 Qc7 23. Rc1 c5 24. Qf1 Bd5 25. dxc5 Qxe5 26. Nxd5 Rxd5 27. Rxf7 Rxc5 28. Rxc5 Qxc5 29.
h4 g3 30. Kh1 gxf2 31. Qxf2 Qxf2 32. Rxf2 Rd8 33. Re2 Rd4 34. g3 a5 35. Re5 Rd2 36. Rxh5 Rxb2 37. g4 Kc7 38. g5 Kd6 39.
g6 Ke7 40. Rh7+ Kf8 41. h5 Kg8 42. h6 Rb5 43. Rg7+ Kh8 44. Kg2 Rh5 45. Rh7+ Kg8 46. Kf3 b5 47. Kg4 Rh1 48. Kg5 Rg1+ 49.
Kf6 Rf1+ 50. Ke7 Rh1 51. Rg7+ Kh8 52. Kf8 1-0